 Dungeon Crawl Stone Soup version 0.19.5 (webtiles) character file.

53 miragecloak the Changer (level 3, 15/15 HPs)
             Began as a Felid Transmuter on May 5, 2017.
             Quit the game on level 5 of the Dungeon.
             The game lasted 00:01:58 (2258 turns).

miragecloak the Changer (Felid Transmuter)          Turns: 2258, Time: 00:01:59

Health: 15/15      AC:  1    Str:  6    XL:     3   Next: 62%
Magic:  7/7        EV: 18    Int: 14    God:
Gold:   185        SH:  0    Dex: 17    Spells: 2 memorised, 2 levels left
                                        Lives:  0   Deaths: 1

rFire  . . .     SeeInvis +       - Unarmed
rCold  . . .     Gourm    .     (armour unavailable)
rNeg   . . .     Faith    .     (shield unavailable)
rPois  .         Spirit   .     (helmet unavailable)
rElec  .         Reflect  .     (cloak unavailable)
rCorr  .         Harm     .     (gloves unavailable)
MR     .....                    (boots unavailable)
Stlth  ++........               (no amulet)
                                (no ring)
                                (no ring)

@: quick
A: no armour, no weapons or thrown items, stealth, claws 1, fangs 3, see
invisible, carnivore 3, speed 1, shaggy fur 1, slow metabolism 1, sharp paws
a: no special abilities


You were on level 5 of the Dungeon.
You were not hungry.

You visited 1 branch of the dungeon, and saw 5 of its levels.

You collected 185 gold pieces.

Inventory:

Missiles
 a - 12 arrows
Jewellery
 l - an uncursed ring of protection from cold {unknown}
Scrolls
 e - a scroll of blinking {unknown}
 g - 4 scrolls of remove curse {unknown}
 h - 2 scrolls of noise {unknown}
 i - a scroll of enchant weapon {unknown}
 k - a scroll of teleportation {unknown}
 n - a scroll of magic mapping {unknown}
 o - 2 scrolls of identify {unknown}
 q - a scroll of fear {unknown}
Potions
 f - a potion of magic {unknown}
 j - a potion of ambrosia {unknown}
 m - 2 potions of degeneration {unknown}
 p - a potion of brilliance {unknown}
 r - a potion of agility {unknown}
Books
 b - a book of Changes

   Spells                             Type                      Level
   a - Beastly Appendage              Transmutation                1
   b - Sticks to Snakes               Transmutation                2
   c - Spider Form                    Transmutation/Poison         3
   d - Ice Form                       Ice/Transmutation            4
   e - Blade Hands                    Transmutation                5
Comestibles
 c - 2 meat rations
 d - 5 slices of pizza


   Skills:
 - Level 1.0 Fighting
 - Level 2.6 Dodging
 - Level 3.0 Unarmed Combat
 - Level 2.0 Spellcasting
 - Level 4.6 Transmutations
 + Level 2.0 Poison Magic


You had 2 spell levels left.
You knew the following spells:

 Your Spells              Type           Power        Failure   Level  Hunger
a - Beastly Appendage     Tmut           ##....       3%          1    ##.....
b - Spider Form           Tmut/Pois      ##........   21%         3    ####...


Dungeon Overview and Level Annotations

Branches:
Dungeon (5/15)
 Temple: D:4-7

Altars:
Gozag

Annotations:
D:4 Dowan, Duvessa
D:5 greprep's ghost, novice SpEn


Innate Abilities, Weirdness & Mutations

You cannot wear armour.
You are incapable of wielding weapons or throwing items.
Your paws allow you to move quietly. (Stealth)
You have sharp claws.
You have razor-sharp teeth.
You have supernaturally acute eyesight. (SInv)
You are carnivorous and can eat meat at any time.
You cover ground quickly.
You are covered in fur. (AC +1)
You have a slow metabolism.
Your sharp claws are effective at attacking unaware monsters.


Message History

Greprep's ghost points at you and mumbles some strange words.
You are more confused.
You bump into the stone wall.
Greprep's ghost closely misses you.
Unknown command.
Your transformation has ended.
Greprep's ghost points at you and mumbles some strange words.
You resist with significant effort. Greprep's ghost hits you.
Greprep's ghost casts a spell at you. You resist with significant effort.
Greprep's ghost completely misses you.
You bump into the stone wall.
Greprep's ghost hits you.
* * * LOW HITPOINT WARNING * * *
You bump into the stone wall.
Greprep's ghost hits you.
You die...
You are electrocuted!
You are now level 3!
You rejoin the land of the living...
Unknown command.
Are you sure you want to abandon this character and quit the game? (Confirm with "yes".)

#####..###### ##.)......
#..# #.....### ####..#
####...# #.....# #..##
#.###.# #..# # #.# #..###
#.####### #.....
#.#.....# ##.#..
#.@..##.#######.#.#
#.#.###...........W......
.......<...##.....†..)...
#.........############...
########### ###


There were no monsters in sight!

Vanquished Creatures
  A howler monkey (D:4)
  A crimson imp (D:3)
  A shadow imp (D:5)
  2 dart slugs
  3 leopard geckos
  6 bats
  2 giant cockroaches
  4 hobgoblins
  A kobold (D:2)
  2 frilled lizards
  3 goblins
  3 rats
29 creatures vanquished.

Notes
Turn   | Place    | Note
-------+----------+-------------------------------------------
     0 | D:1      | miragecloak the Felid Transmuter began the quest for the Orb.
     0 | D:1      | Reached XP level 1. HP: 9/9 MP: 4/4
   360 | D:1      | Reached skill level 3 in Transmutations
   558 | D:1      | Reached XP level 2. HP: 11/12 MP: 4/6
  1341 | D:2      | Found an opulent altar of Gozag.
  1704 | D:3      | Noticed a crimson imp
  1720 | D:3      | Killed a crimson imp
  1720 | D:3      | Reached skill level 4 in Transmutations
  1720 | D:3      | Reached XP level 3. HP: 13/15 MP: 7/7
  1745 | D:3      | Learned a level 3 spell: Spider Form
  2161 | D:4      | Reached skill level 1 in Poison Magic
  2161 | D:4      | Reached XP level 4. HP: 19/19 MP: 1/8
  2173 | D:4      | Noticed Dowan
  2177 | D:4      | Noticed Duvessa
  2186 | D:5      | Entered Level 5 of the Dungeon
  2191 | D:5      | Noticed greprep's ghost (novice SpEn)
  2257 | D:5      | Slain by greprep's ghost
  2258 | D:5      | Reached XP level 3. HP: 0/15 MP: 4/7
  2258 | D:5      | Quit the game

Skill      XL: |  1  2  3  4 |
---------------+-------------+-----
Transmutations | 3 4 |  4.6
Poison Magic   | 1 2 |  2.0
Fighting       | |  1.0
Dodging        | |  2.6
Unarmed Combat | |  3.0
Spellcasting   | |  2.0

Action                   |  1- 3 |  4- 6 || total
-------------------------+-------+-------++-------
Melee: Unarmed           |    84 |    11 ||    95
       Bite              |    10 |       ||    10
       Headbutt          |     6 |     1 ||     7
       Punch             |     1 |       ||     1
 Cast: Beastly Appendage |    25 |     1 ||    26
       Spider Form       |     2 |     1 ||     3
 Stab: Sleeping          |     5 |     1 ||     6
  Eat: Chunk             |     3 |     2 ||     5
Armor: Skin              |     5 |       ||     5
Dodge: Dodged            |    80 |    13 ||    93
